 Dungeon Crawl Stone Soup version 0.29-a0-284-gf9362112df (webtiles) character file.

Game seed: 13481968673825243443

15393 spaghetti the Impaler (level 12, -1/97 HPs)
             Began as a Demonspawn Berserker on Mar 22, 2022.
             Was an Elder of Trog.
             Slain by a tentacled starspawn (5 damage)
             ... on level 2 of the Abyss.
             The game lasted 00:18:13 (13627 turns).

spaghetti the Impaler (Demonspawn Berserker)       Turns: 13627, Time: 00:18:13

Health: -1/97      AC:  4    Str: 22    XL:     12   Next: 0%
Magic:  12/12      EV: 19    Int:  9    God:    Trog [****..]
Gold:   460        SH:  0    Dex: 19    Spells: 11/11 levels left

rFire   . . .      SeeInvis .   C - +0 halberd {polearm}
rCold   . . .      Faith    .   (shield currently unavailable)
rNeg    . . .      Spirit   .   B - +0 animal skin
rPois   .          Reflect  .   (no helmet)
rElec   .          Harm     .   W - +0 cloak
rCorr   .          Rampage  .   T - +0 pair of gloves
Will    ++...                   (boots unavailable)
Stlth   ++........              (no amulet)
HPRegen 1.26/turn               G - +6 ring of dexterity
MPRegen 0.13/turn               u - +4 ring of evasion

@: strong-willed, on berserk cooldown, regenerating
A: hooves 3, repulsion field 2, foul stench 1, spiny 1
a: Renounce Religion, Berserk, Trog's Hand, Brothers in Arms


You were on level 2 of the Abyss.
You worshipped Trog.
Trog was greatly pleased with you.
You visited 1 branch of the dungeon, and saw 11 of its levels.
You visited the Abyss 1 time.

You collected 460 gold pieces.


Innate Abilities, Weirdness & Mutations

You have hooves in place of feet.
You are surrounded by a moderate repulsion field. (EV +3)
You may rarely emit foul miasma when damaged in melee.
You are partially covered in sharp spines.


   Skills:
 + Level 9.7 Fighting
 - Level 16.0 Polearms
 - Level 1.7 Armour
 - Level 1.7 Dodging


You had 11 spell levels left.
You didn't know any spells.
Your spell library contained the following spells:

 Spells                   Type           Power      Damage    Failure   Level
 Foxfire                  Conj/Fire      0%         2x1d4     38%         1
 Ensorcelled Hibernation  Hex/Ice        0%         N/A       52%         2
 Passwall                 Tmut/Erth      0%         N/A       52%         2
 Conjure Flame            Conj/Fire      0%         6-21      77%         3
 Dazzling Flash           Conj/Hex       0%         N/A       77%         3
 Inner Flame              Hex/Fire       0%         N/A       77%         3
 Spider Form              Tmut/Pois      0%         N/A       77%         3
 Stone Arrow              Conj/Erth      0%         3d7       77%         3
 Swiftness                Air            0%         N/A       77%         3
 Anguish                  Hex/Necr       0%         N/A       99%         4
 Animate Armour           Summ/Erth      0%         N/A       99%         4
 Flame Wave               Conj/Fire      0%         2d4       99%         4
 Petrify                  Tmut/Erth      0%         N/A       99%         4
 Agony                    Necr           0%         N/A       100%        5
 Metabolic Englaciation   Hex/Ice        0%         N/A       100%        5
 Silence                  Hex/Air        0%         N/A       100%        5
 Statue Form              Tmut/Erth      0%         N/A       100%        6
 Lehudib's Crystal Spear  Conj/Erth      0%         10d2      100%        8

Inventory:

Hand Weapons
 a - a +0 spear of draining {polearm}
 b - a +2 hand crossbow of flaming {crossbow}
   (You found it on level 5 of the Dungeon)
 t - a +2 dagger of protection {short}
   (You took it off an orc on level 4 of the Dungeon)
 C - a +0 halberd (weapon) {polearm}
   (You took it off a gnoll on level 7 of the Dungeon)
 O - a +2 flail {mace}
   (You took it off a wight on level 9 of the Dungeon)
 P - a +3 battleaxe {axe}
   (You took it off a wight on level 9 of the Dungeon)
 Q - a +4 mace of freezing {mace}
   (You took it off a wight on level 9 of the Dungeon)
 R - a +1 flail {mace}
   (You took it off a wight on level 9 of the Dungeon)
 S - a +0 short sword of venom {short}
   (You took it off a kobold on level 9 of the Dungeon)
 U - a +0 dagger of venom {short}
   (You took it off an orc wizard on level 9 of the Dungeon)
 V - a +2 vorpal shortbow {bow}
   (You took it off a centaur on level 9 of the Dungeon)
Missiles
 d - 329 stones (quivered) {throwing}
 r - 9 boomerangs {throwing}
 s - 17 poisoned darts {throwing}
 E - 2 curare-tipped darts {=fthrowing}
 N - 2 silver boomerangs {throwing}
Armour
 B - a +0 animal skin (worn)
 T - a +0 pair of gloves (worn)
   (You found it on level 9 of the Dungeon)
 W - a +0 cloak (worn)
   (You found it on level 10 of the Dungeon)
Jewellery
 u - a +4 ring of evasion (right hand)
   (You found it on level 4 of the Dungeon)
 y - a ring of magical power
   (You found it on level 4 of the Dungeon)
 A - a ring of magical power
   (You found it on level 5 of the Dungeon)
 F - a ring of willpower
   (You found it on level 7 of the Dungeon)
 G - a +6 ring of dexterity (left hand)
   (You found it on level 8 of the Dungeon)
 K - a ring of poison resistance
   (You found it on level 9 of the Dungeon)
 L - a ring of resist corrosion
   (You found it on level 9 of the Dungeon)
 X - a +6 ring of dexterity
   (You found it on level 10 of the Dungeon)
Wands
 m - a wand of mindburst (5)
   (You found it on level 4 of the Dungeon)
 M - a wand of flame (12)
   (You took it off an orc wizard on level 9 of the Dungeon)
Scrolls
 h - a scroll of silence {!r}
 i - 2 scrolls of magic mapping {!r}
 j - 3 scrolls of teleportation {@r4}
 n - 2 scrolls of fog
 o - 4 scrolls of immolation {!r!r}
 w - a scroll of torment {!r}
 z - 3 scrolls of enchant armour {unknown}
 D - a scroll of holy word {!r}
 I - a scroll of enchant weapon {unknown}
 J - a scroll of fear {unknown}
Potions
 c - a potion of invisibility {unknown}
 e - 2 potions of heal wounds {@q2}
 f - 3 potions of curing {unknown}
 g - 5 potions of flight {unknown}
 k - 3 potions of haste {unknown}
 l - 2 potions of attraction {unknown}
 p - a potion of resistance {unknown}
 q - 3 potions of brilliance {unknown}
 v - a potion of mutation {unknown}
 H - a potion of ambrosia {unknown}
 Y - a potion of might {unknown}
Miscellaneous
 x - a tin of tremorstones (2/2) {throwing}
   (You found it on level 9 of the Dungeon)

Dungeon Overview and Level Annotations

Branches:
Dungeon (11/15)            Temple (0/1) D:7            Lair (0/6) D:10
    Orc (0/2) D:9

Altars:
Ashenzari
Cheibriados
Dithmenos
Hepliaklqana
Makhleb
Nemelex Xobeh
Okawaru
Qazlal
Uskayaw
Vehumet
Yredelemnul
Zin

Annotations:
D:11 Erolcha

.#. ...# .. .#.
..###... .#....
..#.# . #.#.# # #.
##..###.#
#..#.#@..#.# #
#...X#...#..#
#.#..h.#....#
#...#.#.###########
...#h..#..#
........# #.
#z#.#............ .
. ...####.##.##...
## ....
###..#..###.# ...
####. . .### #


You could see a tentacled starspawn, 2 raiju and a flying skull.


Message History

* * * LOW HITPOINT WARNING * * *
You are knocked back by the lance of force. 😨 HP[-27]
You take 27 damage, and now have 48/97 hp.
MASSIVE DAMAGE!! (PAUSE) 😮 HP[+1]
You are suddenly pulled into a different region of the Abyss! 😮 HP[+1] Key pressed, stopping explore.
A large abomination emerges from chaos. 😮 HP[+16]
You regained 16 hp, and now have 66/97 hp.
A large abomination is nearby!
A large abomination is nearby!
A large abomination is nearby!
A red film seems to cover your vision as you go berserk!
You feel yourself moving faster!
You feel mighty! 😮 HP[+34]
You now have 145 max hp (+48).
You regained 34 hp, and now have 100/145 hp.
Reach: C) +0 halberd {polearm}
Press: ? - help, Dir - move target, f - large abomination
Aim: a large abomination (translocational energy, about 23% to evade your +0 halberd)
You reach to attack!
You hit the large abomination.
Reach: C) +0 halberd {polearm}
Press: ? - help, Dir - move target, f/p - large abomination
Aim: a large abomination (translocational energy, lightly damaged, about 23% to evade your +0 halberd)
You reach to attack!
You slash the large abomination!
Reach: C) +0 halberd {polearm}
Press: ? - help, Dir - move target, f/p - large abomination
Aim: a large abomination (translocational energy, moderately damaged, about 23% to evade your +0 halberd)
You reach to attack!
You completely miss the large abomination.
Reach: C) +0 halberd {polearm}
Press: ? - help, Dir - move target, f/p - large abomination
Aim: a large abomination (moderately damaged, about 23% to evade your +0 halberd)
You reach to attack!
You completely miss the large abomination.
Reach: C) +0 halberd {polearm}
Press: ? - help, Dir - move target, f/p - large abomination
Aim: a large abomination (moderately damaged, about 23% to evade your +0 halberd)
You reach to attack!
You slash the large abomination!
Reach: C) +0 halberd {polearm}
Press: ? - help, Dir - move target, f/p - large abomination
Aim: a large abomination (heavily damaged, about 23% to evade your +0 halberd)
You puncture the large abomination! You kick the large abomination!
You barely miss the large abomination. 😮 HP[+1]
You hit the large abomination. You kick the large abomination.
You slash the large abomination!
You destroy the large abomination!
That felt strangely unrewarding.
Unknown command.
You feel a strong urge to attack something.
You are no longer berserk.
You are exhausted.
You feel yourself slow down. 😮 HP[-33]
You now have 97 max hp (-48). 😮 HP[+1]
Okay, then. 😮 HP[+1] 😮 HP[+1] 😮 HP[+1] 😕 HP[+1]
A small abomination comes into view. 😕 HP[+1] 😕 HP[+1] 😕 HP[+1] 2 raiju come into view.
You feel yourself speed up.
The raiju barks!
You hear a bark! x2
A tentacled starspawn comes into view. 😕 HP[+1]
A raiju comes into view.
The raiju barks!
The raiju bursts into living lightning!
The living lightning hits you!
The raiju blinks! x2 😮 HP[-16]
You take 16 damage, and now have 61/97 hp.
The raiju is struck by your spines. The raiju bites you. The raiju shocks you!
The raiju bites you.
* * * LOW HITPOINT WARNING * * *
The raiju shocks you!
* * * LOW HITPOINT WARNING * * *
A flying skull comes into view. 😨 HP[-23]
You take 23 damage, and now have 38/97 hp.
MASSIVE DAMAGE!! (PAUSE)
The tentacled starspawn attacks as you move away!
The tentacled starspawn bites you!!!
* * * LOW HITPOINT WARNING * * *
The tentacled starspawn misses you. 😱 HP[-36]
You take 36 damage, and now have 2/97 hp.
MASSIVE DAMAGE!! (PAUSE)
Your skin crawls.
You feel strong-willed. The tentacled starspawn bites you.
You die...

Skill      XL: |  1  2  3  4  5  6  7  8  9 10 11 |
---------------+----------------------------------+-----
Polearms       | 3 4 5 6 7 9 11 13 15 16 | 16.0
Fighting       | 9 |  9.7
Armour         | |  1.7
Dodging        | |  1.7

Action                   |  1- 3 |  4- 6 |  7- 9 | 10-12 || total
-------------------------+-------+-------+-------+-------++-------
Melee: Spear             |    90 |   132 |   316 |   174 ||   712
       Kick              |       |    23 |    59 |   115 ||   197
       Punch             |       |       |     3 |     1 ||     4
       Halberd           |       |       |       |   158 ||   158
Throw: Stone             |    31 |    40 |   107 |    46 ||   224
Invok: Berserk           |       |     3 |     9 |    13 ||    25
       Trog's Hand       |       |       |     1 |     2 ||     3
  Use: Scroll            |       |     4 |     5 |     5 ||    14
       Potion            |       |       |     1 |       ||     1
 Stab: Sleeping          |     2 |     1 |     1 |       ||     4
Armor: Animal skin       |     7 |     4 |     8 |     9 ||    28
Dodge: Dodged            |    26 |    40 |    94 |   142 ||   302

Levels and vault maps discovered:
D:1:      minmay_arrival_five_plusses, layout_basic,
          dreamdust_ecumenical_altar_angels_and_demons
D:2:      layout_loops_ring, hangedman_decor_lopped, uniq_natasha
D:3:      layout_loops_cross, mainiacjoe_overflow_catwalk_spiral
D:4:      layout_loops_cross, old_standard_altar, minmay_bisected,
          uniq_eustachio
D:5:      layout_basic, mainiacjoe_overflow_24_doors, uniq_grinder
D:6:      layout_cave_pools, serial_column_ruins, column_ruins_hut_ruined,
          column_ruins_grid_1, column_ruins_grid_4, column_ruins_grid_1,
          column_ruins_grid_3, serial_bayou_ford_a, minmay_puff
D:7:      layout_basic, nicolae_overflow_hallway_of_the_gods,
          minmay_temple_entry_stoned_glass, serial_glass, glass_columns_a,
          glass_columns_b, glass_columns_a, glass_columns_b,
          chequers_serial_rivers_micro_e
D:8:      layout_basic, lemuel_crystal_altar
D:9:      wad_woods_tower, layout_basic, orc_0_dummy
D:10:     layout_rooms, mainiacjoe_overflow_chevrons, lair_entry_dummy
D:11:     layout_long_grid, uniq_erolcha, uniq_sonja, uniq_grum
Abyss:2:  base: D:2, bh_abyss_exit_grid, hangedman_shadowy_showcase,
          hangedman_cross_veins

Notes
Turn   | Place    | Note
-------+----------+-------------------------------------------
     0 | D:1      | spaghetti the Demonspawn Berserker began the quest for the
                  | Orb.
     0 | D:1      | Reached XP level 1. HP: 18/18 MP: 1/1
     0 | D:1      | magus.rc [v1.9.6]
    75 | D:1      | Reached skill level 3 in Polearms
   199 | D:1      | Gained mutation: You are partially covered in sharp spines.
                  | [demonic ancestry]
   199 | D:1      | Reached XP level 2. HP: 22/24 MP: 2/2
   699 | D:1      | Gained mutation: You may rarely emit foul miasma when
                  | damaged in melee. [demonic ancestry]
   699 | D:1      | Reached XP level 3. HP: 25/29 MP: 3/3
   792 | D:1      | Found a faded altar of an unknown god.
  1053 | D:1      | Reached ** piety under Trog
  1227 | D:2      | Reached skill level 4 in Polearms
  1336 | D:2      | Noticed Natasha
  1344 | D:2      | Killed Natasha
  1629 | D:2      | Reached XP level 4. HP: 24/35 MP: 4/4
  1735 | D:2      | Noticed Natasha
  1760 | D:2      | Killed Natasha
  1825 | D:2      | Noticed Natasha
  1837 | D:2      | Killed Natasha
  1838 | D:2      | Reached skill level 5 in Polearms
  1841 | D:2      | You pick up a book of Dreams {forbidden} and begin
                  | reading...
  1841 | D:2      | You add the spells Ensorcelled Hibernation, Spider Form and
                  | Anguish to your library.
  2539 | D:2      | Gained mutation: You have large cloven feet. [demonic
                  | ancestry]
  2539 | D:2      | Reached XP level 5. HP: 37/41 MP: 5/5
  3065 | D:3      | Found a hide-covered altar of Uskayaw.
  3075 | D:3      | Found a basalt altar of Yredelemnul.
  3363 | D:4      | Noticed Eustachio
  3380 | D:4      | HP: 15/61 [crimson imp[Eustachio] (2)]
  3387 | D:4      | HP: 8/61 [Eustachio/+0 rapier (6)]
  3388 | D:4      | Killed Eustachio
  3389 | D:4      | Reached skill level 6 in Polearms
  3389 | D:4      | Gained mutation: You have hoof-like feet. [demonic
                  | ancestry]
  3389 | D:4      | Reached XP level 6. HP: 9/47 MP: 6/6
  3654 | D:4      | You pick up a book of Armaments {forbidden} and begin
                  | reading...
  3654 | D:4      | You add the spells Stone Arrow, Animate Armour and
                  | Lehudib's Crystal Spear to your library.
  3942 | D:4      | Reached skill level 7 in Polearms
  4164 | D:4      | Reached XP level 7. HP: 52/52 MP: 7/7
  4264 | D:4      | Reached *** piety under Trog
  4380 | D:5      | Entered Level 5 of the Dungeon
  4380 | D:5      | Noticed a yak
  4380 | D:5      | Noticed a yak
  4381 | D:5      | Noticed a yak
  4381 | D:5      | Noticed a yak
  4583 | D:4      | Reached skill level 8 in Polearms
  4785 | D:4      | Found a stormy altar of Qazlal.
  4928 | D:4      | Killed a yak
  4931 | D:4      | HP: 12/78 [yak (13)]
  4937 | D:4      | Killed a yak
  4946 | D:4      | Killed a yak
  4947 | D:4      | Reached skill level 9 in Polearms
  4947 | D:4      | Reached XP level 8. HP: 31/58 MP: 8/8
  5091 | D:4      | HP: 21/87 [yak (16)]
  5096 | D:4      | HP: 16/87 [poisoned by an adder]
  5497 | D:5      | Found a sparkling altar of Nemelex Xobeh.
  5634 | D:5      | Reached skill level 10 in Polearms
  5662 | D:5      | Noticed Grinder
  5674 | D:5      | Killed Grinder
  6451 | D:6      | Reached skill level 11 in Polearms
  6461 | D:6      | Reached XP level 9. HP: 63/63 MP: 9/9
  6499 | D:7      | HP: 13/63 [gnoll/+0 halberd (11)]
  6505 | D:7      | HP: 11/63 [gnoll/+0 whip (6)]
  6898 | D:7      | Noticed a troll
  6919 | D:7      | Killed a troll
  7271 | D:7      | Reached skill level 12 in Polearms
  7506 | D:7      | You pick up a book of Burglary {forbidden} and begin
                  | reading...
  7506 | D:7      | You add the spells Passwall and Swiftness to your library.
  7616 | D:7      | Found an iron altar of Okawaru.
  7626 | D:7      | Found a shadowy altar of Dithmenos.
  7632 | D:7      | Found a snail-covered altar of Cheibriados.
  7634 | D:7      | Found a hazy altar of Hepliaklqana.
  7644 | D:7      | Found a broken altar of Ashenzari.
  7790 | D:7      | Found a staircase to the Ecumenical Temple.
  8045 | D:7      | You pick up a book of Flames {forbidden} and begin
                  | reading...
  8045 | D:7      | You add the spells Foxfire, Conjure Flame, Inner Flame and
                  | Flame Wave to your library.
  8221 | D:8      | Reached **** piety under Trog
  8222 | D:8      | Reached skill level 13 in Polearms
  8306 | D:8      | You pick up a book of Sloth {forbidden} and begin
                  | reading...
  8306 | D:8      | You add the spells Petrify, Metabolic Englaciation and
                  | Statue Form to your library.
  8506 | D:8      | Found a radiant altar of Vehumet.
  8579 | D:8      | You pick up a book of Flames {forbidden} and begin
                  | reading...
  8753 | D:8      | You pick up a book of the Senses {forbidden} and begin
                  | reading...
  8753 | D:8      | You add the spells Dazzling Flash, Agony and Silence to
                  | your library.
  8768 | D:8      | Gained mutation: You are surrounded by a mild repulsion
                  | field. (EV +2) [demonic ancestry]
  8768 | D:8      | Reached XP level 10. HP: 70/70 MP: 10/10
  8843 | D:9      | Noticed a two-headed ogre
  8857 | D:9      | Killed a two-headed ogre
  8863 | D:9      | Reached skill level 14 in Polearms
  8868 | D:9      | Noticed an elephant
  8872 | D:9      | HP: 12/105 [yak (16)]
  9206 | D:9      | Noticed an elephant
  9471 | D:9      | Found a staircase to the Orcish Mines.
  9975 | D:9      | Killed an elephant
 10366 | D:9      | Reached skill level 15 in Polearms
 10393 | D:9      | Noticed an elephant
 10407 | D:9      | Killed an elephant
 10501 | D:9      | Killed an elephant
 10698 | D:9      | Gained mutation: You have hooves in place of feet. [demonic
                  | ancestry]
 10698 | D:9      | Reached XP level 11. HP: 74/75 MP: 11/11
 10833 | D:9      | Reached ***** piety under Trog
 10947 | D:9      | Noticed a two-headed ogre
 10954 | D:9      | Killed a two-headed ogre
 11228 | D:9      | Reached skill level 16 in Polearms
 11533 | D:10     | Entered Level 10 of the Dungeon
 11557 | D:10     | Reached skill level 4 in Fighting
 12054 | D:10     | Reached skill level 5 in Fighting
 12161 | D:10     | Found a burning altar of Makhleb.
 12189 | D:10     | Found a staircase to the Lair.
 12658 | D:11     | Noticed a two-headed ogre
 12665 | D:11     | Killed a two-headed ogre
 12665 | D:11     | Noticed a two-headed ogre
 12665 | D:11     | HP: 20/121 [ogre/+0 giant club (23)]
 12666 | D:11     | Reached skill level 6 in Fighting
 12673 | D:11     | Killed a two-headed ogre
 12674 | D:11     | Reached skill level 7 in Fighting
 12698 | D:11     | Noticed an ogre mage
 12701 | D:11     | Noticed a two-headed ogre
 12703 | D:11     | Noticed a two-headed ogre
 12897 | D:11     | Killed a two-headed ogre
 12925 | D:11     | Killed an ogre mage
 12926 | D:11     | Reached skill level 8 in Fighting
 12928 | D:11     | Killed a two-headed ogre
 13028 | D:11     | Noticed a two-headed ogre
 13038 | D:11     | Killed a two-headed ogre
 13039 | D:11     | Reached skill level 9 in Fighting
 13167 | D:11     | Gained mutation: You are surrounded by a moderate repulsion
                  | field. (EV +3) [demonic ancestry]
 13167 | D:11     | Reached XP level 12. HP: 65/97 MP: 12/12
 13413 | D:11     | Noticed Erolcha
 13414 | D:11     | You are cast into the Abyss!
 13414 | D:11     | Cast into level 2 of the Abyss (Erolcha)
 13414 | Abyss:2  | Found a corrupted altar of Lugonu.
 13509 | Abyss:2  | Noticed a tentacled starspawn
 13623 | Abyss:2  | Noticed a tentacled starspawn
 13626 | Abyss:2  | HP: 2/97 [tentacled starspawn (36)]
 13627 | Abyss:2  | Slain by a tentacled starspawn

Vanquished Creatures
  An ogre mage (D:11)
  7 two-headed ogres
  4 elephants (D:9)
  2 komodo dragons (D:10)
  3 trolls
  Grinder (D:5)
  A hornet (D:8)
  2 vampires
  A large abomination (Abyss:2)
  A wyvern (D:9)
  23 yaks
  Eustachio (D:4)
  A steam dragon (D:8)
  3 water moccasins
  2 small abominations (Abyss:2)
  An ogre (D:11)
  3 orc warriors (D:9)
  2 centaurs
  A phantom (D:4)
  3 kobold brigands
  3 bullfrogs
  2 gnoll sergeants
  2 scorpions
  2 necrophages
  8 wights
  9 killer bees
  4 howler monkeys
  4 hounds
  A jelly (D:5)
  8 orc priests
  A gnoll shaman (D:7)
  6 iguanas
  Natasha (thrice) (D:2)
  11 orc wizards
  10 gnolls
  6 adders
  2 worms
  2 dart slugs
  33 orcs
  6 ball pythons
  3 bats
  11 endoplasms
  4 giant cockroaches
  9 goblins
  8 hobgoblins
  3 jackals (D:2)
  6 quokkas
  3 frilled lizards
  25 kobolds
  8 rats
266 creatures vanquished.

Vanquished Creatures (others)
  5 foxfires (Abyss:2)
  49 plants (D:9)
54 creatures vanquished.

Grand Total: 320 creatures vanquished

Table legend:
 A = Non-vault XP
 B = Vault XP
 C = Vault XP percentage of total XP
 D = Non-vault monster count
 E = Vault monster count
 F = Vault count percentage of total count
                 A         B        C        D         E       F
            +---------+---------+-------+---------+---------+-------
      Total |   18888 |    3102 |  14.1 |     251 |      15 |   5.6
            +---------+---------+-------+---------+---------+-------
        D:1 |      49 |       0 |   0.0 |      27 |       0 |   0.0
        D:2 |     115 |      33 |  22.3 |      20 |       1 |   4.8
        D:3 |      39 |       0 |   0.0 |      16 |       0 |   0.0
        D:4 |    1285 |     402 |  23.8 |      26 |       7 |  21.2
        D:5 |     337 |     272 |  44.7 |      16 |       1 |   5.9
        D:6 |     268 |       0 |   0.0 |       9 |       0 |   0.0
        D:7 |    1753 |       0 |   0.0 |      35 |       0 |   0.0
        D:8 |    1084 |       0 |   0.0 |      21 |       0 |   0.0
        D:9 |    5456 |    2395 |  30.5 |      46 |       6 |  11.5
       D:10 |    1957 |       0 |   0.0 |      16 |       0 |   0.0
       D:11 |    6545 |       0 |   0.0 |      16 |       0 |   0.0
    Abyss:2 |       0 |       0 |   N/A |       3 |       0 |   0.0
            +---------+---------+-------+---------+---------+-------

Illustrated notes

Table legend:
 A = Kills in this place as a percentage of kills in entire the game.
 B = Kills by you in this place as a percentage of kills by you in the entire game.
 C = Kills by friends in this place as a percentage of kills by friends in the entire game.
 D = Other kills in this place as a percentage of other kills in the entire game.
 E = Experience gained in this place as a percentage of experience gained in the entire game.
 F = Experience gained in this place divided by the number of levels of this place that you have seen.
                   A       B       C       D       E      F
               +-------+-------+-------+-------+-------+----------------------
         Total | 100.0 | 100.0 |   N/A |   N/A | 100.0 | 1832.5
       Dungeon |  98.9 |  98.9 |   N/A |   N/A | 100.0 | 1999.1
         Abyss |   1.1 |   1.1 |   N/A |   N/A |   0.0 |   0.0
               +-------+-------+-------+-------+-------+----------------------

Table legend: (Time is in decaauts)
 A = Elapsed time spent in this place.
 B = Non-inter-level travel time spent in this place.
 C = Inter-level travel time spent in this place.
 D = Time resting spent in this place.
 E = Time spent auto-exploring this place.
 F = Levels seen in this place.
 G = Mean time per level.
                   A        B        C        D        E       F      G
               +--------+--------+--------+--------+--------+-----+--------+
         Total |  13583 |  13241 |    342 |   4661 |   6846 |  12 | 1131.9 |
       Dungeon |  13368 |  13026 |    342 |   4661 |   6774 |  11 | 1215.3 |
         Abyss |    215 |    215 |      0 |      0 |     72 |   1 |  215.0 |
               +--------+--------+--------+--------+--------+-----+--------+

Top non-repeatable levels by time:
     D:4: 2056 daAuts
     D:9: 1978 daAuts
     D:7: 1611 daAuts
     D:8: 1379 daAuts
     D:1: 1373 daAuts
    D:10: 1258 daAuts
     D:2: 1240 daAuts
     D:5: 1086 daAuts
     D:3: 700 daAuts
    D:11: 656 daAuts
 Abyss:2: 215 daAuts
     D:6: 28 daAuts
